Map: Divergence LE

Players

Throwfordays - Winner!

  • Race: Protoss Protoss
  • Spawn Location: 5:00

Faust - Winner!

  • Race: Zerg Zerg
  • League: Diamond
  • Spawn Location: 5:00

Zork

  • Race: Protoss Protoss
  • League: Gold
  • Spawn Location: 11:00

Abomb

  • Race: Zerg Zerg
  • Spawn Location: 11:00

VOD

Have the link to the VOD?

Description

Time

  • Played on: May 30, 2019, 1:13 p.m.
  • Length: 16:49
Show
View Real Time Build Order
Export as new Build Order

Throwfordays Protoss - Winner!

Build Orders: 1 Gate Expand, Double Forge 

Get SALT Encoding   

  12  0:01  Probe  
  13  0:17  Pylon  
  13  0:18  Probe  
  14  0:30  Probe  
  15  0:42  Gateway, Probe  
  16  0:49  Assimilator  
  16  0:54  Probe  
  17  1:13  Probe  
  18  1:24  Probe  
  18  1:32  Probe  
  19  1:34  Nexus  
  19  1:37  Pylon  
  20  1:48  Cybernetics Core  
  20  1:54  Zealot  
  20  2:01  Pylon  
  22  2:20  Assimilator  
  22  2:46  Probe  
  22  2:48  Probe  
  22  2:49  Adept  
  25  2:56  Probe  
  25  2:58  Probe  
  28  3:19  Adept  
  30  3:22  Probe  
  30  3:26  Robotics Facility  
  31  3:27  Stargate  
  31  3:28  Warp Gate  
  31  3:32  Probe  
  32  3:44  Forge, Probe  
  32  3:45  Forge  
  33  3:50  Probe  
  34  3:56  Probe  
  36  4:02  Probe  
  36  4:08  Probe  
  37  4:14  Probe  
  37  4:15  Adept  
  37  4:16  Probe  
  41  4:25  Immortal  
  41  4:27  Oracle  
  48  4:32  Probe  
  48  4:37  Probe  
  50  4:44  Probe  
  51  4:49  Probe  
  52  4:55  Pylon  
  52  4:56  Probe  
  52  4:59  Pylon  
  53  5:01  Probe  
  53  5:05  Assimilator  
  54  5:08  Assimilator  
  54  5:13  Oracle  
  54  5:14  Pylon  
  57  5:18  Pylon  
  57  5:19  Immortal  
  61  5:22  Pylon  
  61  5:26  Protoss Air Weapons Level 1  
  61  5:37  Protoss Ground Weapons Level 1  
  62  5:50  Probe  
  62  5:53  Probe  
  63  6:01  Protoss Ground Armor Level 1  
  63  6:02  Probe  
  64  6:05  Probe  
  65  6:14  Probe  
  65  6:17  Probe  
  67  6:51  Immortal  
  67  6:52  Adept  
  70  7:09  Nexus  
  70  7:13  Assimilator  
  70  7:16  Assimilator  
  70  7:19  Pylon  
  70  7:23  Photon Cannon  
  70  7:26  Photon Cannon  
  70  7:27  Adept  
  70  7:28  Photon Cannon  
  72  7:30  Void Ray  
  76  7:37  Probe  
  76  7:40  Probe  
  78  7:47  Gateway  
  78  7:48  Gateway  
  78  7:49  Probe  
  78  7:50  Gateway  
  79  7:51  Gateway  
  79  7:52  Probe  
  79  7:56  Gateway  
  80  7:59  Robotics Bay  
  80  8:01  Probe  
  80  8:04  Probe  
  82  8:12  Pylon  
  82  8:15  Pylon  
  82  8:17  Void Ray  
  82  8:19  Pylon  
  86  8:26  Protoss Shields Level 1  
  86  8:29  Twilight Council  
  86  8:37  Extended Thermal Lance  
  86  8:40  Probe  
  86  8:42  Probe  
  86  8:48  Probe  
  88  8:52  Protoss Air Armor Level 1  
  88  8:53  Nexus  
  88  8:54  Probe  
  90  8:57  Assimilator  
  90  8:58  Probe  
  90  8:59  Protoss Ground Weapons Level 2  
  90  9:00  Assimilator  
  91  9:06  Colossus, Robotics Facility x2, Probe  
  91  9:07  Resonating Glaives  
  98  9:10  Probe  
  99  9:18  Probe  
  99  9:22  Probe  
  101  9:30  Probe  
  102  9:32  Probe  
  102  9:34  Probe  
  104  9:44  Probe  
  105  9:46  Stalker x3  
  105  9:47  Stalker x3  
  105  9:50  Void Ray  
  121  9:54  Immortal x2  
  121  9:56  Probe  
  130  10:00  Colossus  
  130  10:03  Probe  
  137  10:11  Probe x2  
  138  10:21  Probe  
  139  10:23  Probe  
  141  10:31  Fleet Beacon  
  141  10:32  Robotics Facility  
  141  10:33  Void Ray, Probe  
  141  10:35  Probe  
  147  10:36  Immortal x2  
  147  10:40  Robotics Facility  
  155  10:44  Protoss Ground Armor Level 2  
  155  10:45  Probe  
  155  10:49  Pylon x2  
  156  10:51  Pylon  
  156  10:52  Pylon  
  156  10:53  Pylon  
  156  11:06  Colossus  
  156  11:07  Pylon, Probe  
  156  11:10  Stalker x2  
  156  11:11  Stalker x4  
  171  11:18  Immortal  
  179  11:19  Probe  
  179  11:21  Colossus  
  179  11:25  Immortal  
  190  11:29  Observer  
  190  11:30  Void Ray  
  195  11:51  Gravitic Boosters  
  195  11:57  Protoss Ground Weapons Level 3, Stalker  
  195  11:58  Stalker  
  199  12:19  Blink  
  147  13:30  Stalker x6  
  147  13:32  Phoenix  
  133  13:35  Anion Pulse-Crystals  
  119  13:43  Protoss Air Weapons Level 2  
  119  13:44  Pylon  
  119  13:46  Stargate  
  105  13:48  Stargate  
  105  13:53  Stargate  
  97  13:59  Phoenix  
  99  14:07  Stalker  
  95  14:20  Charge  
  95  14:27  Phoenix  
  95  14:29  Stalker x4  
  95  14:30  Stalker x2  
  109  14:34  Phoenix x2  
  109  14:37  Phoenix  
  115  14:47  Immortal x3  
  115  14:48  Immortal  
  115  14:50  Immortal  
  135  14:54  Stalker x6  
  135  14:57  Phoenix  
  135  14:59  Phoenix  
  151  15:00  Phoenix  
  151  15:02  Phoenix  
  155  15:22  Phoenix  
  155  15:24  Phoenix, Zealot x5  
  155  15:25  Phoenix  
  155  15:27  Phoenix  
  173  16:15  Zealot x4  
  173  16:16  Zealot x2  
Show
View Real Time Build Order
Export as new Build Order

Faust Zerg - Winner!

Build Orders: Hatch First, Muta Ling Bane 

Get SALT Encoding   

  12  0:03  Drone  
  13  0:12  Drone  
  14  0:18  Extractor  
  14  0:19  Drone  
  14  0:23  Overlord  
  15  0:42  Drone x2  
  17  0:56  Drone  
  18  0:59  Hatchery  
  18  1:01  Drone  
  18  1:07  Extractor  
  18  1:09  Drone  
  18  1:23  Spawning Pool  
  18  1:25  Drone  
  18  1:30  Drone  
  19  1:48  Overlord  
  19  2:10  Queen  
  19  2:11  Queen  
  19  2:12  Zergling x6  
  26  2:19  Drone  
  28  2:22  Drone  
  28  2:33  Drone  
  29  2:38  Metabolic Boost  
  29  2:44  Drone  
  29  2:45  Drone  
  31  2:55  Hatchery  
  30  3:02  Drone x3  
  33  3:14  Drone x3  
  36  3:25  Lair  
  35  3:38  Drone  
  35  3:39  Overlord  
  35  3:40  Overlord  
  36  3:44  Baneling Nest  
  36  3:48  Zergling x2  
  36  3:58  Zergling x6  
  36  3:59  Zergling x6  
  36  4:02  Spine Crawler  
  41  4:16  Zergling x8, Queen  
  42  4:17  Zergling x4  
  42  4:23  Zergling x6  
  46  4:27  Zergling x8  
  50  4:34  Queen  
  50  4:35  Drone x3  
  55  4:49  Baneling x4  
  55  4:51  Baneling x2  
  55  4:52  Drone x3  
  58  5:02  Overlord x3  
  58  5:06  Extractor  
  57  5:08  Extractor  
  57  5:11  Extractor  
  55  5:17  Drone  
  55  5:18  Drone x2  
  55  5:20  Overlord x2  
  42  5:53  Drone x3  
  42  5:54  Drone x3  
  47  5:57  Extractor  
  47  5:58  Extractor, Drone x3  
  47  5:59  Drone x3  
  51  6:10  Drone  
  51  6:11  Drone x6  
  55  6:16  Drone  
  55  6:17  Spire  
  58  6:29  Baneling x3  
  58  6:32  Hatchery  
  57  6:34  Drone x2  
  57  6:39  Evolution Chamber  
  58  6:40  Evolution Chamber  
  58  6:41  Infestation Pit  
  58  6:42  Centrifical Hooks  
  58  6:45  Zergling x8  
  60  7:05  Zergling x2  
  60  7:06  Zergling x12  
  66  7:22  Zerg Missile Weapons Level 1  
  66  7:23  Zerg Ground Armor Level 1  
  66  7:35  Mutalisk  
  66  7:36  Mutalisk x5  
  78  7:40  Drone x5  
  78  7:44  Zerg Flyer Weapons Level 1  
  83  8:01  Mutalisk  
  83  8:02  Mutalisk x2  
  83  8:05  Extractor, Drone x2  
  89  8:06  Drone x5  
  89  8:08  Drone x3  
  98  8:45  Hive  
  98  8:46  Burrow  
  98  8:51  Drone x2  
  98  8:52  Drone  
  98  8:54  Extractor  
  98  9:15  Baneling x2  
  98  9:16  Baneling x2  
  98  9:22  Zerg Melee Weapons Level 1, Zerg Missile Weapons Level 2  
  98  9:31  Mutalisk x3  
  98  9:33  Overlord x4  
  98  9:34  Overlord  
  92  9:56  Drone x3  
  92  9:57  Mutalisk x2  
  92  9:58  Mutalisk x9  
  92  9:59  Zergling x2  
  117  10:00  Zergling x28  
  117  10:06  Queen  
  133  10:07  Drone  
  134  10:17  Adrenal Glands  
  134  10:20  Zerg Flyer Weapons Level 2  
  134  10:23  Overlord x5  
  134  10:27  Zergling x2  
  134  10:28  Zergling x2  
  136  10:39  Overlord x3  
  136  11:01  Zergling x6  
  136  11:02  Zergling x18  
  148  11:17  Zergling x18  
  148  11:18  Zergling x6  
  159  11:30  Zerg Melee Weapons Level 2  
  159  11:42  Extractor, Hatchery  
  159  11:43  Zerg Missile Weapons Level 3  
  159  11:45  Extractor, Overlord x2  
  159  11:46  Overlord  
  151  12:05  Spire  
  150  12:15  Ultralisk Cavern  
  111  12:53  Corruptor x11  
  111  12:54  Corruptor x6  
  111  12:55  Corruptor  
  112  13:12  Drone x3  
  115  13:13  Drone x3  
  115  13:18  Corruptor  
  115  13:19  Corruptor x7  
  134  13:21  Spine Crawler  
  134  13:23  Greater Spire  
  130  14:01  Zerg Flyer Weapons Level 3  
  128  14:47  Brood Lord  
  128  14:49  Brood Lord  
  128  14:50  Corruptor x3, Brood Lord  
  128  14:51  Corruptor x2  
  144  15:01  Corruptor x4, Brood Lord  
  144  15:02  Corruptor x2  
  144  15:03  Corruptor x2  
  144  15:05  Drone  
  144  15:07  Drone x6  
  164  15:08  Drone x2  
  161  15:44  Corruptor x4  
  161  15:45  Corruptor x5  
  164  15:57  Zergling x16  
  167  16:12  Drone  
  167  16:13  Drone x3  
  171  16:30  Extractor  
Show
View Real Time Build Order
Export as new Build Order

Zork Protoss 

Build Orders:  

Get SALT Encoding   

  12  0:01  Probe  
  13  0:13  Probe  
  14  0:30  Pylon  
  14  0:34  Probe  
  15  0:48  Probe  
  16  1:02  Probe  
  17  1:08  Nexus  
  17  1:15  Gateway  
  17  1:18  Probe  
  18  1:29  Probe  
  19  1:37  Probe  
  19  1:47  Probe  
  20  1:52  Forge  
  20  1:53  Assimilator  
  21  1:58  Probe  
  21  2:01  Assimilator  
  22  2:11  Probe  
  23  2:23  Probe  
  23  2:28  Probe  
  25  2:35  Probe  
  26  2:38  Probe  
  26  2:40  Pylon  
  26  2:43  Assimilator  
  27  2:46  Probe  
  27  2:47  Probe  
  29  2:54  Probe  
  29  2:57  Zealot  
  31  2:59  Probe  
  31  3:01  Cybernetics Core  
  31  3:03  Pylon  
  33  3:06  Probe  
  33  3:11  Probe  
  35  3:14  Photon Cannon  
  35  3:19  Probe  
  36  3:23  Probe  
  36  3:24  Pylon  
  37  3:31  Photon Cannon  
  37  3:33  Probe  
  37  3:34  Warp Gate  
  38  3:35  Probe  
  39  3:45  Probe  
  39  3:47  Probe  
  41  3:57  Probe  
  41  3:59  Stalker, Probe  
  44  4:06  Pylon  
  44  4:09  Probe  
  45  4:12  Probe  
  45  4:14  Assimilator  
  45  4:16  Pylon  
  46  4:21  Probe  
  46  4:24  Pylon  
  47  4:29  Robotics Facility  
  47  4:31  Gateway  
  47  4:33  Probe  
  47  4:34  Gateway  
  47  4:36  Shield Battery  
  48  4:39  Shield Battery  
  48  4:45  Probe  
  49  4:47  Shield Battery  
  49  4:50  Probe  
  49  4:51  Shield Battery  
  50  4:57  Probe  
  50  4:59  Protoss Ground Weapons Level 1  
  51  5:01  Photon Cannon  
  51  5:02  Probe  
  52  5:09  Probe  
  53  5:18  Observer  
  53  5:19  Twilight Council  
  54  5:23  Zealot  
  56  5:37  Zealot x2  
  56  5:40  Immortal  
  62  5:54  Probe x2  
  64  6:06  Probe x2  
  66  6:18  Probe x2  
  66  6:19  Pylon  
  66  6:22  Pylon, Charge  
  68  6:28  Pylon  
  68  6:30  Probe x2  
  68  6:32  Pylon  
  70  6:37  Stalker x2  
  70  6:38  Stalker  
  73  6:42  Probe  
  73  6:43  Probe  
  75  6:54  Probe  
  75  6:55  Probe  
  75  7:00  Gateway  
  77  7:04  Gateway  
  77  7:05  Gateway  
  77  7:07  Gateway, Probe x2  
  79  7:32  Nexus  
  79  7:33  Zealot x2  
  79  7:36  Assimilator, Sentry  
  85  7:41  Assimilator  
  85  7:43  Pylon  
  85  7:47  Pylon  
  85  7:53  Pylon, Blink  
  85  7:58  Pylon  
  85  7:59  Zealot x2  
  85  8:00  Stalker x2  
  85  8:01  Stalker x2  
  97  8:17  Pylon  
  97  8:19  Pylon  
  97  8:22  Pylon  
  98  8:41  Probe x2  
  98  8:42  Photon Cannon  
  98  8:44  Probe  
  98  8:45  Shield Battery  
  100  8:49  Pylon  
  100  8:51  Stargate  
  100  8:52  Photon Cannon  
  100  8:53  Probe x2  
  102  8:56  Stalker x2  
  102  9:00  Stalker  
  102  9:01  Stalker  
  110  9:05  Probe  
  111  9:12  Shield Battery  
  110  9:17  Photon Cannon  
  110  9:22  Stalker x4  
  118  9:33  Stalker x3  
  124  9:48  Protoss Ground Weapons Level 2  
  120  10:00  Phoenix  
  120  10:01  Immortal  
  120  10:03  Zealot x4  
  120  10:04  Zealot x2  
  120  10:05  Zealot  
  140  10:23  Phoenix  
  140  10:40  Phoenix  
  140  10:41  Immortal  
  144  10:46  Pylon  
  146  10:52  Stargate  
  146  10:55  Stargate  
  145  10:57  Stargate  
  145  11:01  Pylon  
  145  11:03  Pylon  
  145  11:05  Phoenix  
  145  11:06  Zealot x4  
  145  11:10  Immortal  
  159  11:30  Phoenix  
  161  11:41  Dark Shrine  
  161  11:49  Immortal  
  163  11:55  Phoenix  
  165  12:05  Sentry x4  
  173  12:13  Probe x3  
  176  12:20  Phoenix  
  176  12:22  Protoss Ground Armor Level 1  
  178  12:25  Probe x3  
  178  12:26  Fleet Beacon  
  181  12:35  Warp Prism  
  181  12:42  Probe  
  174  12:45  Phoenix  
  109  12:51  Phoenix  
  155  13:07  Void Ray  
  147  13:15  Pylon  
  147  13:16  Phoenix  
  147  13:19  Immortal  
  69  13:40  Zealot x2  
  69  13:41  Zealot x5, Phoenix  
  78  13:51  Nexus  
  78  13:55  Assimilator  
  78  13:59  Assimilator, Immortal  
  78  14:01  Photon Cannon  
  81  14:02  Photon Cannon  
  81  14:04  Shield Battery  
  81  14:06  Pylon, Phoenix  
  81  14:09  Pylon  
  83  14:10  Pylon  
  79  14:24  Stalker x5  
  81  14:25  Stalker  
  81  14:31  Phoenix  
  91  14:51  Void Ray x2  
  95  15:01  Void Ray  
  95  15:05  Zealot x2  
  103  15:12  Probe x2  
  103  15:13  Probe  
  106  15:20  Probe  
  106  15:24  Probe  
  108  15:28  Probe  
  109  15:39  Probe  
  109  15:42  Void Ray  
  72  16:05  Zealot x2  
  72  16:06  Zealot x3  
  66  16:40  Stalker x3  
  66  16:41  Stalker x2  
  66  16:42  Stalker  
Show
View Real Time Build Order
Export as new Build Order

Abomb Zerg 

Build Orders: Hatch First 

Get SALT Encoding   

  12  0:03  Drone  
  13  0:10  Drone  
  14  0:20  Overlord  
  14  0:45  Hatchery  
  13  0:50  Drone  
  13  0:51  Drone  
  15  1:08  Spawning Pool  
  15  1:09  Drone  
  15  1:13  Drone  
  15  1:17  Drone  
  17  1:27  Drone  
  18  1:38  Overlord  
  18  1:49  Drone  
  19  1:59  Drone x2  
  21  2:09  Queen x2  
  21  2:13  Zergling x2  
  21  2:14  Zergling x2  
  27  2:23  Zergling x4  
  29  2:32  Extractor  
  29  2:34  Extractor  
  27  2:53  Zergling x10  
  31  3:19  Overlord  
  31  3:20  Overlord  
  31  3:46  Zergling x10  
  31  3:47  Zergling x4  
  34  4:27  Zergling x10  
  34  4:28  Zergling x10  
  40  4:36  Metabolic Boost  
  40  4:45  Drone x3  
  43  5:03  Drone  
  43  5:04  Overlord x2  
  44  5:26  Drone x2  
  44  5:27  Drone x3  
  44  5:28  Zergling x8, Drone  
  41  5:55  Zergling x4  
  41  5:56  Zergling x10  
  41  5:57  Zergling x2  
  49  6:03  Lair  
  49  6:15  Queen  
  49  6:18  Drone x5  
  56  6:39  Spore Crawler  
  55  6:41  Spore Crawler  
  55  6:42  Spore Crawler  
  55  6:44  Spore Crawler  
  42  7:08  Drone  
  42  7:09  Drone  
  42  7:10  Drone x3  
  42  7:11  Drone x4  
  42  7:12  Drone  
  49  7:16  Evolution Chamber  
  48  7:31  Spire  
  48  7:33  Spire  
  46  7:39  Extractor  
  46  7:41  Extractor  
  44  8:02  Drone x2  
  44  8:03  Drone x6, Hatchery  
  44  8:04  Drone x3  
  54  8:07  Hatchery  
  53  8:15  Queen  
  55  8:43  Mutalisk x2  
  55  8:45  Overlord x2  
  55  8:46  Overlord  
  59  8:50  Zerg Flyer Weapons Level 1  
  59  9:12  Mutalisk  
  59  9:13  Mutalisk x3  
  59  9:14  Mutalisk  
  69  9:25  Spore Crawler  
  69  9:26  Drone  
  70  9:35  Spore Crawler  
  69  9:39  Mutalisk x4  
  69  10:02  Zerg Melee Weapons Level 1  
  69  10:08  Evolution Chamber, Zerg Flyer Armor Level 1  
  69  10:10  Mutalisk x2  
  72  10:23  Drone  
  72  10:24  Drone x2  
  75  10:35  Drone x3  
  77  10:38  Drone  
  79  10:44  Overlord  
  79  10:46  Spore Crawler  
  78  10:55  Zerg Flyer Weapons Level 2  
  78  11:01  Overlord  
  78  11:03  Corruptor  
  80  11:13  Drone x3  
  80  11:15  Overlord  
  83  11:29  Mutalisk x3  
  83  11:30  Mutalisk  
  91  11:36  Mutalisk x2  
  95  11:41  Drone  
  95  11:42  Drone  
  97  11:47  Extractor  
  97  11:49  Extractor  
  95  12:02  Zerg Ground Armor Level 1  
  95  12:03  Zerg Melee Weapons Level 2  
  95  12:05  Zerg Flyer Armor Level 2  
  95  12:07  Corruptor  
  97  12:12  Drone  
  98  12:16  Extractor  
  98  12:17  Extractor  
  77  13:15  Mutalisk x6  
  79  13:33  Mutalisk  
  79  13:35  Zergling x14  
  79  13:36  Zergling x8  
  84  14:15  Corruptor x2  
  78  14:50  Corruptor x2  
  82  15:17  Drone x6  
  82  15:18  Drone x5  
  82  15:19  Drone  
  79  15:44  Corruptor x3  
  79  15:45  Corruptor x3  
Tags
 
Add a new tag
Caveats
  • Supply blocks, unpowered buildings, or Contaminate may cause inaccurate times.
  • Supply counts are checked every 10 seconds.